Unix NetHack Version 5.0.0-0 post-release - last build Jun 10 2026 00:39:30 (3ee93aec679c4c4259841fe613dc97188e26a321,branch:main).

Game began 2026-06-24 06:21:37, ended 2026-06-24 06:45:50.

DiePARTEI, neutral male human Tourist

                  -------                             --
                  |..--.--             --  ------    --.---         ---
                  |.*....0---          |.---....---  |....---    ----.----
                  ---.......|          |..........|  |......|    |.......|
                    --......-------    --.........--  -.....---- |..0....|
                     --...)....|..|     --..---....|  --.......|  -.....----
                      |.....>.....|     --.-| |...-|   ---.....|  |.....--.--
                      |...........---   |...| ---..|     --....-- ---.......|
                     --.............|   --..------.|      |.....--  |......--
           -----------..--.....--...|    |-....|  --      ---....-- |-.....--
           |..)...)....---..----|..#-    |.....--           |.....---.......|
         ---B.----------|..--   ----     --.....--          |...............|
       ---..@)d*...---  |-.|            ---......----    ----...............|
       |...-----.....|  |..|---       #--...........------..................|
       |...|-........|---..--.---------...................^.................|
       ----|......|.--|...................<.)...[....---........|..--..---.--
           |....----- |..--.....---......#-...*.......--.....---|.--|.--  --
           -----      --- ---...| |......|--..[*---..........#  #-- |.|
                            ----- ---....| |..).| --.*.......|      ---
                                    |..--- ---..|  ---.|.--.--
                                    ----     ----    --------
DiePARTEI the Sightseer     St:10 Dx:10 Co:17 In:13 Wi:8 Ch:18  Neutral
Dlvl:6  $:487 HP:0(42) Pw:16(16) AC:8  Xp:5 T:2729  Burdened

Latest messages:
 You hit the gnome.
 The gnome just misses!
 You hit the gnome.
 The gnome hits!
 You hit the gnome.
 The dwarf throws a stout spear!
 The stout spear hits the gnome!
 The gnome is killed!
 You are beginning to feel hungry.
 The dwarf thrusts his broad short sword.
 The dwarf hits!
 You swap places with your large dog.
 The dwarf picks up a stout spear.
 The dwarf picks up an orange gem.
 The dwarf throws a stout spear!
 The stout spear misses the large dog.
 You are hit by a stout spear.
 Your large dog eats a gnome corpse.
 You hear some noises.
 Your large dog eats a dwarf corpse.
 You see here a black onyx ring.
 You see here a black onyx ring.
 You have a little trouble lifting K - a black onyx ring.
 The large dog bites it.
 There are several objects here.
 You have a little trouble lifting R - a scroll labeled VAS CORP BET MANI.
 You have a little trouble lifting S - an orange gem.
 What do you want to eat? [b-fpMV or ?*] ?
 This food really hits the spot!
 You finish eating the food ration.
 The giant bat bites!
 You miss the giant bat.
 You miss the giant bat.
 You miss the giant bat.
 The giant bat bites!
 The giant bat bites!
 The giant bat bites!
 The giant bat bites!
 You miss the giant bat.
 The large dog picks up a dagger.
 The giant bat bites!
 In what direction? 9
 The dart misses the giant bat.
 The giant bat bites!
 The giant bat bites!
 The giant bat bites!
 The giant bat bites!
 You die...
 Do you want your possessions identified? [ynq] (y) y
 Do you want to see your attributes? [ynq] (y) q

Inventory:
 Coins    ('$')
  $ - 487 gold pieces
 Weapons  (')')
  F - 7 cursed -1 silver arrows
  a - 14 +2 darts (at the ready)
  U - 7 +0 darts
  L - a +0 dagger
 Armor    ('[')
  g - a blessed rusty +0 dwarvish iron helm (being worn)
  y - a cursed +0 helm of caution
  N - an uncursed +0 pair of iron shoes
  z - an uncursed +0 pair of water walking boots (being worn)
  n - an uncursed very rotted +0 elven shield (being worn)
  O - an uncursed +0 dwarvish cloak (being worn)
  j - an uncursed +0 Hawaiian shirt with a jellyfish motif (being worn)
 Comestibles  ('%')
  V - 2 uncursed slime molds
  p - an uncursed banana
  c - 3 uncursed cream pies
  b - an uncursed food ration
  d - 2 uncursed fortune cookies
  f - an uncursed tin of boiled sewer rat meat
  M - an uncursed tin of deep fried sewer rat meat
  e - an uncursed egg
 Scrolls  ('?')
  Y - a blessed scroll of blank paper
  X - 3 uncursed scrolls of blank paper
  B - an uncursed scroll of confuse monster
  P - an uncursed scroll of enchant armor
  m - an uncursed scroll of identify
  i - 2 blessed scrolls of magic mapping
  h - 2 uncursed scrolls of magic mapping
  R - a blessed scroll of teleportation
 Spellbooks  ('+')
  I - an uncursed spellbook of chain lightning
  C - an uncursed spellbook of create familiar
  q - an uncursed spellbook of cure sickness
 Potions  ('!')
  G - an uncursed potion of confusion
  v - an uncursed potion of full healing
  J - an uncursed potion of sickness
 Rings    ('=')
  K - a cursed ring of aggravate monster
  r - a cursed -1 ring of increase accuracy
 Wands    ('/')
  Z - a wand of magic missile named empty (0:0)
  E - a wand of undead turning (0:4)
 Tools    ('(')
  s - an empty uncursed sack
  A - an uncursed brass lantern
  l - an uncursed credit card
  Q - a crystal ball (0:3)
  k - an expensive camera (0:68)
  D - a +0 pick-axe
  x - a cursed stethoscope
  w - a cursed tallow candle
 Gems/Stones  ('*')
  o - an uncursed amethyst stone
  t - an uncursed worthless piece of blue glass
  u - 3 uncursed worthless pieces of green glass
  S - an uncursed worthless piece of orange glass
  T - an uncursed worthless piece of red glass
  W - an uncursed worthless piece of white glass
  H - an uncursed worthless piece of yellow glass

DiePARTEI the Tourist's attributes:

Background:
 You were a Sightseer, a level 5 male human Tourist.
 You were neutral, on a mission for The Lady
 who was opposed by Blind Io (lawful) and Offler (chaotic).
 You were right-handed.
 You were in the Gnomish Mines, on level 6.
 You entered the dungeon 2729 turns ago.
 You had 174 experience points, 146 more were needed to attain level 6.

Basics:
 You had 0 out of 42 hit points.
 You had all 16 energy points (spell power).
 Your armor class was 8.
 Your wallet contained 487 zorkmids.
 Autopickup was off.

Final Characteristics:
 Your strength was 10 (limit:18/100).
 Your dexterity was 10 (limit:18).
 Your constitution was 17 (limit:18).
 Your intelligence was 13 (limit:18).
 Your wisdom was 8 (limit:18).
 Your charisma was 18 (limit:18).

Final Status:
 You weren't hungry.
 You were burdened; movement was slightly slowed.
 You were bare handed.
 You were unskilled in bare handed combat.

Final Attributes:
 You were piously aligned.
 Your items were somewhat protected from fire.
 Your items were somewhat protected from cold.
 You could walk on water.
 You were warded.
 You are dead.

Miscellaneous:
 You didn't encounter any bones levels.
 Total elapsed playing time was 24 minutes and 13 seconds.

Major events:
 Turn
    1: DiePARTEI the neutral male human Tourist entered the dungeon
 1812: entered the Gnomish Mines
 1843: attained the rank of Sightseer (level 3)
 2729: killed by a giant bat

Spells:
 Name                 Level Category     Fail Retention
 cure sickness          3   healing      100%  76%-100%

Skills:
 Fighting Skills
   bare handed combat [Unskilled]
   two weapon combat  [Unskilled]
   riding             [Unskilled]
 Weapon Skills
   dagger             [Unskilled]
   knife              [Unskilled]
   axe                [Unskilled]
   pick-axe           [Unskilled]
   short sword        [Unskilled]
   broadsword         [Unskilled]
   long sword         [Unskilled]
   two-handed sword   [Unskilled]
   saber              [Unskilled]
   mace               [Unskilled]
   morning star       [Unskilled]
   flail              [Unskilled]
   hammer             [Unskilled]
   quarterstaff       [Unskilled]
   polearms           [Unskilled]
   spear              [Unskilled]
   trident            [Unskilled]
   lance              [Unskilled]
   bow                [Unskilled]
   sling              [Unskilled]
   crossbow           [Unskilled]
   dart               [Basic]
   shuriken           [Unskilled]
   boomerang          [Unskilled]
   whip               [Unskilled]
   unicorn horn       [Unskilled]
 Spellcasting Skills
   divination spells  [Unskilled]
   enchantment spells [Unskilled]
   escape spells      [Unskilled]

Voluntary challenges:
 Character rerolling was not enabled.
 You never hit with a wielded weapon.
 You never genocided any monsters.
 You never polymorphed an object.
 You never changed form.
 You used no wishes.
Achievements:
 You entered a shop.
 You entered the Gnomish Mines.
 You attained the rank of Sightseer.

 The Dungeons of Doom: levels 1 to 5
    Level 1:
       A grave.
    Level 2:
       A weapon shop, a fountain.
    Level 3:
       Some fountains.
    Level 4:
       Stairs down to The Gnomish Mines.
    Level 5:
       A potion shop.
 The Gnomish Mines: levels 5 to 6
    Level 5:
    Level 6: <- You were here.
       Final resting place for
          you, killed by a giant bat.


Vanquished creatures:
  a rock piercer
  a shrieker
  3 gnome leaders
  a paper golem
  a little dog
  5 dwarves
 an iguana
  a hobbit
  2 cave spiders
 19 gnomes
  a gnome zombie
  3 geckos
  6 jackals
  a fox
  a kobold
  2 sewer rats
  5 grid bugs
  2 kobold zombies
  9 newts
65 creatures vanquished.

No species were genocided or became extinct.

Game over:
                       ----------
                      /          \
                     /    REST    \
                    /      IN      \
                   /     PEACE      \
                  /                  \
                  |    DiePARTEI     |
                  |      487 Au      |
                  |   killed by a    |
                  |    giant bat     |
                  |                  |
                  |                  |
                  |       2026       |
                 *|     *  *  *      | *
        _________)/\\_//(\/(/\)/\//\/|_)_______

Aloha DiePARTEI the Tourist...

You died in The Gnomish Mines on dungeon level 6 with 966 points,
and 487 pieces of gold, after 2729 moves.
You were level 5 with a maximum of 42 hit points when you died.

